 Seeded DCSS version 0.29.1-4-g47bece8355 (webtiles) character file.

Game seed: 1 (custom seed)

417090 Kazon the Spry (level 22, -10/183 HPs)
             Began as a Demonspawn Berserker on Dec 6, 2022.
             Was the Champion of Makhleb.
             Mangled by an iron troll (36 damage)
             ... created by the rage of Trog
             ... on level 3 of the Vaults on Dec 8, 2022.
             The game lasted 06:34:18 (42508 turns).

Kazon the Spry (Demonspawn Berserker)              Turns: 42508, Time: 06:34:19

Health: -10/183    AC: 38    Str: 20 (22) XL:     22   Next: 58%
Magic:  27/30      EV: 18    Int:  8      God:    Makhleb [******]
Gold:   3572       SH: 17    Dex: 26      Spells: 21/21 levels left

rFire   + + +      SeeInvis +   f - +11 Maxwell's thermic engine {flame, freeze}
rCold   + + +      Faith    .   c - +3 kite shield {reflect}
rNeg    . . .      Spirit   .   b - +12 plate armour of Soft Rains {rF+ Dex+2}
rPois   +          Reflect  +   n - +1 hat of Untruth {rC++ rCorr Str-2 Stlth+}
rElec   .          Harm     .   z - +1 cloak of Magh {+Blink Regen+ Dex-3 SInv}
rCorr   +          Rampage  .   (gloves unavailable)
Will    +....                   m - +2 pair of boots {Fly}
Stlth   +++.......              U - amulet "Odemouw" {Contam rPois rF+++ Regen+ Stlth+}
HPRegen 2.00/turn               a - +6 ring of dexterity
MPRegen 0.22/turn               i - ring "Azxilac" {+Blink rPois rC+ Int-3 Dex+6}

@: flying
A: claws 3, yellow scales 3, powered by death 3, spiny 3, MP-powered wands
}: 2/15 runes: barnacled, gossamer
a: Renounce Religion, Evoke Blink, Minor Destruction, Lesser Servant of Makhleb,
Major Destruction, Greater Servant of Makhleb


You were on level 3 of the Vaults.
You worshipped Makhleb.
Makhleb was exalted by your worship.
You visited 9 branches of the dungeon, and saw 40 of its levels.
You visited the Abyss 1 time.
You visited 1 bazaar.
You also visited: Gauntlet and Desolation.

You collected 6988 gold pieces.
You spent 3416 gold pieces at shops.

Inventory:

Hand Weapons
 e - the +7 captain's cutlass {speed, disarm}
   (You found it in the Desolation of Salt)

   Attacks with this weapon are significantly faster.
   It may disarm weapon-wielding foes when striking them, dealing extra damage
   in the process.
 f - the +11 Maxwell's thermic engine (weapon) {flame, freeze}
   (You found it on level 1 of the Lair of Beasts)

   It burns those it strikes, dealing additional fire damage.
   Big, fiery blades are also staple armaments of hydra-hunters.
   It freezes those it strikes, dealing additional cold damage.
   It can also slow down cold-blooded creatures.
   It becomes more effective when it hits something.
   This effect fades over time.
Missiles
 h - 3 atropa-tipped darts
 j - 59 boomerangs (quivered)
 k - a silver javelin
 A - 3 throwing nets
 B - 18 javelins
 G - 8 curare-tipped darts
 V - 8 datura-tipped darts
Armour
 b - the +12 plate armour of Soft Rains (worn) {rF+ Dex+2}
   (You found it on level 2 of the Elven Halls)

   Dex:       It affects your dexterity (+2).
   rF:        It protects you from fire.
 c - a +3 kite shield of reflection (worn)
 m - a +2 pair of boots of flying (worn)
 n - the +1 hat of Untruth (worn) {rC++ rCorr Str-2 Stlth+}
   (You found it on level 14 of the Dungeon)

   Str:       It affects your strength (-2).
   rC:        It greatly protects you from cold.
   rCorr:     It protects you from acid and corrosion.
   Stlth:     It makes you more stealthy.
 z - the +1 cloak of Magh (worn) {+Blink Regen+ Dex-3 SInv}
   (You acquired it on level 1 of the Dungeon)

   Dex:       It affects your dexterity (-3).
   SInv:      It lets you see invisible.
   +Blink:    It lets you blink.
   Regen:     It increases your rate of health regeneration.
Jewellery
 a - a +6 ring of dexterity (left claw)
 i - the ring "Azxilac" (right claw) {+Blink rPois rC+ Int-3 Dex+6}
   (You found it in a Gauntlet)

   [ring of dexterity]

   Int:       It affects your intelligence (-3).
   Dex:       It affects your dexterity (+6).
   rC:        It protects you from cold.
   rPois:     It protects you from poison.
   +Blink:    It lets you blink.
 v - the ring "Mishoal" {*Corrode rElec rPois AC+4 Str+2}
   (You found it in a Gauntlet)

   [ring of protection]

   AC:        It affects your AC (+4).
   Str:       It affects your strength (+2).
   rElec:     It insulates you from electricity.
   rPois:     It protects you from poison.
   *Corrode:  It may corrode you when you take damage.
 U - the amulet "Odemouw" (around neck) {Contam rPois rF+++ Regen+ Stlth+}
   (You bought it in a shop on level 8 of the Dungeon)

   [amulet of regeneration]

   rF:        It renders you almost immune to fire.
   rPois:     It protects you from poison.
   Contam:    It causes magical contamination when unequipped.
   Regen:     It increases your rate of health regeneration.
   Stlth:     It makes you more stealthy.
Wands
 d - a wand of digging (4)
 l - a wand of polymorph (11)
 s - a wand of acid (10)
 y - a wand of mindburst (33)
 E - a wand of flame (26)
 K - a wand of paralysis (19)
 L - a wand of roots (34)
Scrolls
 p - 2 scrolls of poison
 q - 10 scrolls of fog
 t - 10 scrolls of teleportation
 w - 3 scrolls of blinking
 D - 2 scrolls of silence
 I - 6 scrolls of fear
 M - 3 scrolls of summoning
 S - a scroll of magic mapping
 W - 4 scrolls of immolation
Potions
 g - 3 potions of resistance
 o - 12 potions of haste
 u - 14 potions of lignification
 C - 5 potions of cancellation
 F - 5 potions of might
 H - 16 potions of curing
 J - 3 potions of berserk rage
 O - 4 potions of ambrosia
 P - 2 potions of invisibility
 T - 3 potions of mutation
 X - 3 potions of heal wounds
Miscellaneous
 r - a lightning rod (4/4)
 x - a box of beasts
 N - a condenser vane
 R - a tin of tremorstones (2/2)
 Y - a phantom mirror
 Z - a phial of floods


   Skills:
 + Level 17.7 Fighting
 + Level 5.5(12.8) Short Blades
 + Level 17.8(18.1) Long Blades
 + Level 13.2 Throwing
 + Level 11.4 Armour
 + Level 18.6 Dodging
 + Level 9.4 Stealth
 + Level 11.7 Shields
 * Level 10.9 Invocations
 + Level 18.1 Evocations


You had 21 spell levels left.
You didn't know any spells.
Your spell library contained the following spells:

 Spells                   Type           Power      Damage    Failure   Level
 Beastly Appendage        Tmut           0%         N/A       100%        1
 Shock                    Conj/Air       0%         1d3       100%        1
 Slow                     Hex            0%         N/A       100%        1
 Ensorcelled Hibernation  Hex/Ice        0%         N/A       100%        2
 Passwall                 Tmut/Erth      0%         N/A       100%        2
 Poisonous Vapours        Pois/Air       0%         N/A       100%        2
 Scorch                   Fire           0%         2d5       100%        2
 Searing Ray              Conj           0%         2d4       100%        2
 Static Discharge         Conj/Air       0%         3-3/arc   100%        2
 Dazzling Flash           Conj/Hex       0%         N/A       100%        3
 Gell's Gravitas          Tloc           0%         N/A       100%        3
 Mephitic Cloud           Conj/Pois/Air  0%         N/A       100%        3
 Swiftness                Air            0%         N/A       100%        3
 Teleport Other           Tloc           0%         N/A       100%        3
 Airstrike                Air            0%         2d(0-16)  100%        4
 Animate Dead             Necr           0%         N/A       100%        4
 Cause Fear               Hex            0%         N/A       100%        4
 Corpse Rot               Necr/Pois/Air  0%         N/A       100%        4
 Dispel Undead            Necr           0%         3d6       100%        4
 Flame Wave               Conj/Fire      0%         2d4       100%        4
 Ice Form                 Ice/Tmut       0%         N/A       100%        4
 Iskenderun's Mystic Bla  Conj/Tloc      0%         2d3       100%        4
 Leda's Liquefaction      Hex/Erth       0%         N/A       100%        4
 Passage of Golubria      Tloc           0%         N/A       100%        4
 Sticky Flame             Conj/Fire      0%         2d3       100%        4
 Summon Lightning Spire   Summ/Air       0%         N/A       100%        4
 Borgnjor's Vile Clutch   Necr/Erth      0%         N/A       100%        5
 Irradiate                Conj/Tmut      0%         3d11      100%        5
 Lightning Bolt           Conj/Air       0%         1d11      100%        5
 Death Channel            Necr           0%         N/A       100%        6
 Dispersal                Tloc           0%         N/A       100%        6
 Eringya's Noxious Bog    Tmut/Pois      0%         N/A       100%        6
 Simulacrum               Ice/Necr       0%         N/A       100%        6
 Summon Cactus Giant      Summ           0%         N/A       100%        6
 Dragon Form              Tmut           0%         N/A       100%        7
 Haunt                    Necr/Summ      0%         N/A       100%        7
 Malign Gateway           Summ/Tloc      0%         N/A       100%        7
 Infestation              Necr           0%         N/A       100%        8


Dungeon Overview and Level Annotations

Branches:
Dungeon (15/15)            Temple (1/1) D:7            Lair (5/5) D:10
 Shoals (4/4) Lair:3       Spider (4/4) Lair:3        Slime (0/5) Lair:4
    Orc (2/2) D:12            Elf (3/3) Orc:2        Vaults (4/5) D:13
  Crypt (0/3) Vaults:3     Depths (2/4) D:15        Desolation (visited)
Gauntlet (visited)

Altars:
Ashenzari
Dithmenos
Fedhas
Gozag
Hepliaklqana
Kikubaaqudgha
Makhleb
Nemelex Xobeh
Okawaru
Qazlal
Ru
Sif Muna
Trog
Uskayaw
Vehumet
Wu Jian
Xom
Yredelemnul
Jiyva

Shops:
D:3 (   D:8 ?(==   D:10 :   D:13 !   Orc:2 ([*=   Elf:2 [?!?   Elf:3 [(
Vaults:1 !   Vaults:2 [   Vaults:3 (((   Vaults:4 *   Depths:2 (

Portals:
Hell: Depths:1
Ziggurat: Depths:1

Annotations:
Shoals:4 1 runed translucent door, TheSexyCheese's ghost, adept HOFi
Vaults:2 2 runed translucent doors, 2 transporters, exclusion: obsidian statue, Forgeling's ghost, adept FeEn


Innate Abilities, Weirdness & Mutations

You have claws for hands.
You are completely covered in yellow scales. (AC +4, rCorr)
You regenerate a lot of health from kills.
You are completely covered in sharp spines.
You expend magic power (3 MP) to strengthen your wands.


Message History

The stone giant is struck by your spines.
You kill the stone giant!
That felt strangely unrewarding.
You hear a shout!
You barely miss the iron troll.
The iron troll is moderately wounded.
You block the iron troll's attack. The iron troll misses you.
The iron troll barely misses you.
You hit the iron troll.
The iron troll is moderately wounded.
You hear a shout!
The iron troll misses you. You block the iron troll's attack.
The iron troll claws you!
* * * LOW HITPOINT WARNING * * *
You slice the iron troll!! You burn the iron troll. You freeze the iron troll.
The iron troll is heavily wounded.
You block the iron troll's attack.
The iron troll claws you but does no damage.
The iron troll claws you!!
* * * LOW HITPOINT WARNING * * *
You slice the iron troll!! You burn the iron troll. You freeze the iron troll.
The iron troll is severely wounded.
You hit the iron troll but do no damage.
The iron troll is severely wounded.
You block the iron troll's attack. The iron troll claws you!
* * * LOW HITPOINT WARNING * * *
The iron troll claws you but does no damage.
Aiming: Mindburst
Press: ? - help, Shift-Dir - straight line, f - iron troll
Aim: an iron troll (severely wounded, durably summoned, berserk, chance to affect: 55%)
You feel a surge of power!
The iron troll resists with significant effort.
You block the iron troll's attack.
The iron troll claws you but does no damage.
The iron troll claws you.
* * * LOW HITPOINT WARNING * * *
You feel better. The iron troll misses you. You block the iron troll's attack.
The iron troll claws you but does no damage.
The iron troll bites you!!!
You die...

...##########..#.....#######.....
...............#.................
...............#.................
....########...###'##############
....#......#...[#..........#.....
....#.....[#....#..........#.....
.........<.#....#..?.......#.....
....∩......'....#..........#.....
...........#...T@..........#.....
...........#....#..........#.....
....#......#...O############.....
....#'####'#....O.T..............
....[..(.........................
......)).........................
.....[..............(............
.........[[........##########.[##
...................#........#..')


You could see an iron troll (berserk) and an ogre (berserk).

Vanquished Creatures
  Frederick (Vaults:4)
  Xtahua (Vaults:4)
  Nikola (Elf:2)
  A bone dragon (Abyss:2)
  The ghost of Kazon the Fencer, an adept MiBe of Trog (Elf:2)
  Rupert (D:12)
  A deep elf blademaster (Elf:3)
  2 deep elf master archers (Elf:3)
  5 sphinxes
  An ancient champion (Vaults:3)
  4 tentacled starspawn (Abyss:2)
  Donald (Orc:2)
  Roxanne (D:15)
  Agnes (Elf:1)
  3 fire giants
  A frost giant (Depths:2)
  6 emperor scorpions
  10 vault wardens
  4 ghost moths
  3 deep elf sorcerers (Elf:3)
  2 imperial myrmidons (Desolation)
  Louise (Elf:3)
  3 orc warlords
  2 cacodemons
  2 angels (Vaults:3)
  A curse skull (Vaults:3)
  A deep elf elementalist (Elf:3)
  The ghost of Foerhozi the Basher, a journeyman DgAr (D:14)
  3 spriggan defenders (Depths:1)
  17 stone giants
  19 very ugly things
  3 broodmothers
  9 ironbound preservers
  5 deep elf demonologists
  4 ironbound thunderhulks
  Nessos (D:12)
  A vampire knight (Vaults:3)
  3 deep elf annihilators (Elf:3)
  5 spark wasps
  Snorg (D:14)
  A lorocyproca (Abyss:2)
  2 halazid warlocks (Desolation)
  13 dire elephants
  A minotaur (Orc:2)
  Azrael (D:13)
  4 entropy weavers
  A deep elf death mage (Elf:3)
  6 merfolk impalers
  The ghost of speculusfracta the Covert, a journeyman DENe of Kikubaaqudgha (Orc:2)
  2 crystal guardians (Desolation)
  2 ettins
  6 ragged hierophants (Desolation)
  7 merfolk javelineers (Shoals:4)
  A deep elf high priest (Elf:3)
  A fire dragon (D:13)
  7 ice dragons
  7 great orbs of eyes
  9 yaktaur captains
  10 starcursed masses (Abyss:2)
  A jiangshi (Vaults:3)
  Fannar (Lair:2)
  4 hydras
  A hell beast (Gauntlet)
  5 peacekeepers (Desolation)
  Erolcha (D:10)
  4 catoblepae
  5 boulder beetles
  6 vault guards
  3 merfolk avatars
  A spriggan air mage (Depths:2)
  An alligator (Vaults:1)
  An alligator snapping turtle (Shoals:4)
  10 centaur warriors
  6 ironbound frosthearts
  A jorogumo (Spider:4)
  7 servants of whispers (Desolation)
  A death knight (D:14)
  5 deep troll shamans
  8 two-headed ogres
  31 dancing weapons
  4 merfolk aquamancers
  4 satyrs
  6 tengu warriors
  6 death scarabs (Spider:4)
  4 deep troll earth magi
  2 orc high priests (Orc:2)
  10 death yaks
  2 vampire magi (Depths:2)
  Urug (Orc:1)
  A thrashing horror (Abyss:2)
  2 spectral emperor scorpions (Spider:4)
  15 deep elf knights
  A shadow wraith (Abyss:2)
  A goliath frog (Vaults:1)
  8 iron trolls
  A wretched star (Abyss:2)
  5 skeletal warriors
  13 pharaoh ants
  A fire crab (D:13)
  37 deep trolls
  A sun moth (Spider:1)
  Lodul (D:12)
  A glowing orange brain (Vaults:4)
  7 steelbarb worms
  10 deep elf archers
  12 sea snakes
  3 spriggan simulacra (D:14)
  7 spectral wolf spiders
  6 orb spiders
  5 wizards
  A phantasmal warrior (Vaults:2)
  29 harpies
  12 ironbound convokers
  5 orc knights
  7 wolf spider zombies
  27 deep elf zephyrmancers
  4 lindwurms
  4 orc sorcerers
  A broodmother zombie (Spider:4)
  2 large abominations (Abyss:2)
  20 wolf spiders
  15 cyclopes
  29 deep elf pyromancers
  41 ugly things
  5 elephants (Lair:4)
  12 fauns
  10 merfolk sirens
  21 manticores
  16 vault sentinels
  3 moths of wrath
  A salamander (Vaults:1)
  5 black mambas
  An orange demon (Abyss:2)
  6 water nymphs
  3 guardian serpents (Desolation)
  11 cane toads
  8 torpor snails
  A smoke demon (Abyss:2)
  Maggie (D:6)
  4 rime drakes
  2 unseen horrors
  4 freezing wraiths
  4 kobold demonologists (D:11)
  15 komodo dragons
  2 spectral redbacks (Spider:4)
  14 demonic crawlers
  A spectral human (Depths:2)
  2 tengu conjurers
  2 efreet
  3 redback zombies (Spider:4)
  30 yaktaurs
  7 trolls
  22 merfolk
  Prince Ribbit (D:9)
  A meliai (shapeshifter) (D:13)
  9 meliai
  A queen bee (Spider:4)
  3 queen bees (shapeshifter)
  8 wind drakes
  A spectral culicivora (Spider:4)
  2 spectral jumping spiders (Spider:4)
  11 polar bears
  A jumping spider zombie (Spider:4)
  2 tarantella zombies (Spider:4)
  2 wolf spider simulacra (Spider:1)
  25 tarantellas
  A hornet (Vaults:1)
  35 slime creatures
  17 blink frogs
  11 dream sheep
  54 saltlings (Desolation)
  A fire giant simulacrum (Depths:2)
  A culicivora zombie (Spider:4)
  12 snapping turtles
  31 jumping spiders
  2 shadows
  2 air elementals (Elf:3)
  2 vampires
  A flying skull (Abyss:2)
  63 yaks
  2 ynoxinuls (Abyss:2)
  32 culicivoras
  A fire bat (Abyss:2)
  2 wraiths (D:12)
  18 water elementals
  A chaos spawn (Abyss:2)
  4 fire elementals
  5 wyverns
  6 basilisks
  4 neqoxecs
  Eustachio (D:5)
  49 redbacks
  6 vampire mosquitoes
  2 steam dragons
  3 minotaur simulacra (D:14)
  Menkaure (D:5)
  A swamp worm (shapeshifter) (Vaults:2)
  Edmund (D:6)
  2 wargs (Orc:1)
  2 acid dragons
  16 water moccasins
  4 hell hounds
  26 orc warriors
  2 ice beasts
  5 sky beasts
  15 black bears
  3 boggarts (Vaults:2)
  5 centaurs
  22 ogres
  A wolf (D:10)
  2 phantoms (D:6)
  3 kobold brigands
  2 earth elementals
  3 necrophages
  6 bullfrogs
  2 deep troll simulacra (D:14)
  A glowing shapeshifter simulacrum (Depths:2)
  A gnoll sergeant (D:7)
  10 scorpions
  21 wights
  3 small abominations (Abyss:2)
  17 killer bees
  3 electric eels
  A howler monkey (D:5)
  2 jellies (D:6)
  6 hounds
  25 orc priests
  2 gnoll boudas
  6 iguanas
  2 iron imps (Abyss:2)
  28 orc wizards
  4 hell rats (Lair:2)
  Robin (D:3)
  15 gnolls
  13 adders
  3 shadow imps
  2 white imps (D:7)
  2 ufetubi
  4 worms
  85 orcs
  11 endoplasms
  3 giant cockroaches
  16 goblins
  9 hobgoblins
  A jackal (D:4)
  27 kobolds
  A quokka (D:1)
  5 ball pythons
  4 bats
  3 frilled lizards
  6 rats
  A starspawn tentacle (Abyss:2)
1812 creatures vanquished.

Vanquished Creatures (collateral kills)
  Mara (Spider:4)
  Saint Roka (Vaults:4)
  A deep elf blademaster (Elf:3)
  2 ironbound preservers (Vaults:2)
  2 stone giants (Vaults:4)
  3 dire elephants (Vaults:2)
  A deep elf annihilator (Elf:3)
  A minotaur (Gauntlet)
  A deep elf death mage (Elf:3)
  A deep elf high priest (Elf:3)
  2 death scarabs (Spider:4)
  An orc high priest (Orc:2)
  A steelbarb worm (Spider:4)
  6 deep trolls
  A harpy (D:14)
  An orb spider (Spider:4)
  A deep elf pyromancer (D:15)
  2 orc sorcerers (Orc:2)
  A wolf spider (Spider:4)
  3 orc knights (Orc:2)
  3 cyclopes
  An ugly thing (Vaults:3)
  A wolf spider zombie (Spider:4)
  A worldbinder (Abyss:2)
  An orange demon (Abyss:2)
  An efreet (D:14)
  A polar bear (Vaults:2)
  2 merfolk (Shoals:4)
  A jumping spider zombie (Spider:4)
  5 slime creatures
  2 jumping spiders (Spider:4)
  A culicivora (shapeshifter) (D:14)
  A neqoxec (Abyss:2)
  A redback (Spider:4)
  A naga (shapeshifter) (D:14)
  12 orc warriors
  2 ogres (Orc:2)
  A black bear (Vaults:2)
  2 killer bees (Spider:4)
  6 orc priests (Orc:2)
  2 orc wizards (Orc:2)
  15 orcs
96 creatures vanquished.

Vanquished Creatures (others)
  Asterion (Elf:3)
  An ironbound preserver (Vaults:3)
  A dancing weapon (Elf:2)
  4 deep elf knights
  A deep troll (Vaults:2)
  An ironbound convoker (Vaults:1)
  A deep elf archer (Elf:2)
  2 harpies (Shoals:4)
  A wolf spider (Spider:4)
  A deep elf zephyrmancer (Elf:2)
  A deep elf pyromancer (Elf:1)
  An ugly thing (D:15)
  2 centaur simulacra (D:14)
  An air elemental (Elf:2)
  An orc warrior (Orc:2)
  An orc wizard (Orc:2)
  3 gnolls (D:7)
  21 fungi
  56 plants
  15 starspawn tentacles (Abyss:2)
116 creatures vanquished.

Grand Total: 2024 creatures vanquished

Notes
Turn   | Place    | Note
-------+----------+-------------------------------------------
     0 | D:1      | Kazon the Demonspawn Berserker began the quest for the Orb.
     0 | D:1      | Reached XP level 1. HP: 18/18 MP: 1/1
    32 | D:1      | Identified a scroll of acquirement
    32 | D:1      | Acquired the +1 cloak of Magh {+Blink Regen+ Dex-3 SInv}
   183 | D:1      | Gained mutation: You are partially covered in sharp spines.
                  | [demonic ancestry]
   183 | D:1      | Reached XP level 2. HP: 23/24 MP: 2/2
   842 | D:2      | Reached ** piety under Trog
   843 | D:2      | Gained mutation: You regenerate a little health from kills.
                  | [demonic ancestry]
   843 | D:2      | Reached XP level 3. HP: 16/29 MP: 3/3
  1145 | D:2      | Reached skill level 1 in Evocations
  1346 | D:2      | Reached XP level 4. HP: 35/35 MP: 4/4
  1425 | D:3      | Found Umat's Antique Weapon Boutique.
  1453 | D:3      | Bought a crude falchion for 184 gold pieces
  1453 | D:3      | Identified the +3 falchion of Winter {venom, rCorr} (You
                  | bought it in a shop on level 3 of the Dungeon)
  1791 | D:3      | Reached XP level 5. HP: 41/41 MP: 5/5
  1848 | D:3      | Noticed Robin
  1856 | D:3      | Reached skill level 1 in Throwing
  1860 | D:3      | Killed Robin
  1863 | D:3      | Reached skill level 1 in Stealth
  1924 | D:3      | Reached skill level 5 in Fighting
  1924 | D:3      | Reached skill level 5 in Long Blades
  1924 | D:3      | Reached XP level 6. HP: 51/51 MP: 6/6
  2124 | D:4      | Reached *** piety under Trog
  2415 | D:4      | Gained mutation: You have sharp fingernails. [demonic
                  | ancestry]
  2415 | D:4      | Reached XP level 7. HP: 54/56 MP: 7/7
  2639 | D:4      | Found a hazy altar of Hepliaklqana.
  3059 | D:5      | Entered Level 5 of the Dungeon
  3134 | D:5      | Reached skill level 5 in Evocations
  3134 | D:5      | Noticed Eustachio
  3146 | D:5      | Killed Eustachio
  3195 | D:5      | Reached skill level 5 in Dodging
  3195 | D:5      | Gained mutation: You have very sharp fingernails. [demonic
                  | ancestry]
  3195 | D:5      | Reached XP level 8. HP: 63/64 MP: 8/8
  3585 | D:5      | Noticed Menkaure
  3606 | D:5      | Killed Menkaure
  3967 | D:6      | Noticed Maggie
  3973 | D:6      | Reached **** piety under Trog
  3990 | D:6      | Killed Maggie
  4037 | D:6      | Gained mutation: You are mostly covered in sharp spines.
                  | [demonic ancestry]
  4037 | D:6      | Reached XP level 9. HP: 55/69 MP: 9/9
  4144 | D:6      | Reached skill level 5 in Stealth
  4424 | D:6      | Noticed Edmund
  4438 | D:6      | Killed Edmund
  4856 | D:7      | Reached ***** piety under Trog
  4878 | D:7      | Found a hide-covered altar of Uskayaw.
  4880 | D:7      | Found a staircase to the Ecumenical Temple.
  4939 | D:7      | Gained mutation: You are partially covered in yellow
                  | scales. (AC +2) [demonic ancestry]
  4939 | D:7      | Reached XP level 10. HP: 72/77 MP: 10/10
  5289 | D:7      | Reached skill level 5 in Throwing
  5542 | D:8      | Found Esumer's Weapon Shop.
  5651 | D:8      | Found Quzidd's Magic Scroll Emporium.
  5656 | D:8      | Bought a scroll of teleportation for 42 gold pieces
  5796 | D:8      | Found Heidghoki's Jewellery Shop.
  6186 | D:8      | Found Zoxtaeshakh's Jewellery Boutique.
  6605 | D:9      | Noticed a two-headed ogre
  6623 | D:9      | Killed a two-headed ogre
  6737 | D:9      | Noticed Prince Ribbit
  6746 | D:9      | Killed Prince Ribbit
  7010 | D:10     | Entered Level 10 of the Dungeon
  7140 | D:10     | Found a staircase to the Lair.
  7188 | D:10     | Noticed Erolcha
  7200 | D:10     | Killed Erolcha
  7201 | D:10     | Reached skill level 1 in Shields
  7201 | D:10     | Gained mutation: You are mostly covered in yellow scales.
                  | (AC +3) [demonic ancestry]
  7201 | D:10     | Reached XP level 11. HP: 77/84 MP: 11/11
  7220 | D:10     | Identified the +5 long sword of the Land of Plenty {drain,
                  | Dex+3}
  7237 | D:10     | Found Juagoaq's Book Shoppe.
  8084 | D:11     | Received a gift from Trog
  8084 | D:11     | Found the +5 sword of Power {vorpal}
  8190 | D:11     | Noticed a sun demon
  8232 | D:11     | Noticed a green ugly thing
  8241 | D:11     | Killed a green ugly thing
  8673 | D:11     | Reached skill level 5 in Armour
  8884 | D:12     | Noticed Lodul
  8904 | D:12     | Killed Lodul
  8905 | D:12     | Reached XP level 12. HP: 92/92 MP: 12/12
  9021 | D:8      | Bought the amulet "Odemouw" {Contam rPois rF+++ Regen+
                  | Stlth+} for 734 gold pieces
  9090 | Lair:1   | Entered Level 1 of the Lair of Beasts
  9207 | Lair:1   | Found the +2 Maxwell's thermic engine {flame, freeze}
  9532 | Lair:1   | Received a gift from Trog
  9773 | Lair:2   | Reached skill level 10 in Long Blades
 10341 | Lair:2   | Noticed Fannar
 10362 | Lair:2   | Killed Fannar
 10499 | Lair:2   | Noticed a catoblepas
 10529 | Lair:2   | Killed a catoblepas
 10774 | Lair:3   | Found a hole to the Spider Nest.
 10963 | Lair:3   | Found a staircase to the Shoals.
 10993 | Lair:3   | Noticed a death yak
 10994 | Lair:3   | Noticed a death yak
 10994 | Lair:3   | Noticed a death yak
 11002 | Lair:3   | Killed a death yak
 11098 | D:12     | Noticed a two-headed ogre
 11103 | D:12     | Killed a two-headed ogre
 11104 | D:12     | Reached XP level 13. HP: 101/101 MP: 13/13
 11155 | D:12     | Found a staircase to the Orcish Mines.
 11220 | D:12     | Noticed Nessos
 11225 | D:12     | Killed Nessos
 11361 | D:12     | Noticed Rupert
 11376 | D:12     | Killed Rupert
 11593 | D:12     | Reached skill level 10 in Evocations
 11712 | D:13     | Noticed Azrael
 11728 | D:13     | Killed Azrael
 11851 | D:13     | Found Ituota Roil's Distillery.
 12346 | D:13     | Received a gift from Trog
 12362 | D:13     | Noticed a fire dragon
 12371 | D:13     | Killed a fire dragon
 12375 | D:13     | Found a gate to the Vaults.
 12627 | Lair:3   | Found an ancient bone altar of Kikubaaqudgha.
 13074 | Lair:4   | Gained mutation: You regenerate health from kills. [demonic
                  | ancestry]
 13074 | Lair:4   | Reached XP level 14. HP: 109/109 MP: 14/14
 13081 | Lair:4   | Reached skill level 10 in Fighting
 13155 | Lair:4   | Found a staircase to the Slime Pits.
 13155 | Lair:4   | Found a viscous altar of Jiyva.
 13578 | Lair:4   | You fall into a shaft and drop 1 floor!
 13578 | Lair:5   | Entered Level 5 of the Lair of Beasts
 13653 | Lair:4   | Identified the +3 battleaxe "Adididghufym" {antimagic, rF+
                  | Will+}
 14334 | Lair:5   | Reached ****** piety under Trog
 15412 | D:14     | Found a runed translucent gate.
 15412 | D:14     | Found a runed translucent gate.
 15414 | D:14     | Found a runed translucent gate.
 15418 | D:14     | Noticed Foerhozi's ghost (journeyman DgAr)
 15486 | D:14     | Received a gift from Trog
 15488 | D:14     | HP: 4/166 [mirror damage (38)]
 15566 | D:14     | Identified the +6 scale mail "Voetobuo" {Int-3 Dex+8}
 15696 | D:14     | Found a frozen archway.
 15800 | D:14     | Noticed Snorg
 15817 | D:14     | Reached XP level 15. HP: 108/117 MP: 15/15
 15818 | D:14     | Killed Snorg
 16359 | D:14     | Killed Foerhozi's ghost
 16374 | D:14     | Identified the +1 hat of Untruth {rC++ rCorr Str-2 Stlth+}
 16537 | Spider:1 | Entered Level 1 of the Spider Nest
 17052 | Spider:1 | Acquired a manual of Dodging
 17265 | Spider:1 | Noticed an emperor scorpion
 17286 | Spider:1 | Killed an emperor scorpion
 17286 | Spider:1 | Received a gift from Trog
 18228 | Spider:2 | Noticed an emperor scorpion
 18239 | Spider:2 | Killed an emperor scorpion
 18516 | Spider:2 | Received a gift from Trog
 19070 | Spider:3 | Reached XP level 16. HP: 122/126 MP: 16/16
 19386 | Spider:3 | Reached skill level 5 in Shields
 20167 | Spider:4 | Entered Level 4 of the Spider Nest
 20167 | Spider:4 | Noticed Mara
 20262 | Spider:4 | Reached skill level 10 in Dodging
 20339 | Spider:4 | Received a gift from Trog
 20456 | Spider:4 | Reached skill level 10 in Throwing
 20719 | Spider:4 | Noticed Kazon's illusion
 20719 | Spider:4 | Killed Mara
 20720 | Spider:4 | Reached skill level 15 in Long Blades
 21543 | Spider:4 | Received a gift from Trog
 21569 | Spider:4 | Reached XP level 17. HP: 108/137 MP: 4/17
 22046 | Spider:4 | Got a gossamer rune of Zot
 22307 | D:15     | Entered Level 15 of the Dungeon
 22617 | D:15     | Identified Roxanne's Parchment of Spelunking
 22617 | D:15     | Noticed Roxanne
 22642 | D:15     | Killed Roxanne
 23162 | D:15     | Found a staircase to the Depths.
 23369 | Orc:1    | Entered Level 1 of the Orcish Mines
 23424 | Orc:1    | Paralysed by an orc sorcerer for 3 turns
 23451 | Orc:1    | Noticed Urug
 23454 | Orc:1    | Received a gift from Trog
 23468 | Orc:1    | Killed Urug
 23887 | Orc:2    | Entered Level 2 of the Orcish Mines
 23906 | Orc:2    | Found a staircase to the Elven Halls.
 23992 | Orc:2    | Noticed Donald
 24017 | Orc:2    | Killed Donald
 24076 | Orc:2    | Found a gate leading to a gauntlet.
 24091 | Gauntlet | Entered a Gauntlet
 24091 | Gauntlet | Found a transporter.
 24094 | Gauntlet | Found a runed translucent door.
 24094 | Gauntlet | Found a transporter.
 24097 | Gauntlet | Found a transporter.
 24099 | Gauntlet | Found a transporter.
 24104 | Gauntlet | Found a runed translucent door.
 24109 | Gauntlet | Found a transporter.
 24109 | Gauntlet | Found a transporter.
 24110 | Gauntlet | Found a transporter.
 24110 | Gauntlet | Found the +12 glaive of Prune {vorpal}
 24111 | Gauntlet | Found a transporter.
 24148 | Gauntlet | Found a runed translucent door.
 24159 | Gauntlet | Found a transporter.
 24176 | Gauntlet | Found a transporter.
 24180 | Gauntlet | Found a transporter.
 24192 | Gauntlet | Found a transporter.
 24266 | Gauntlet | Identified the ring "Azxilac" {+Blink rPois rC+ Int-3
                  | Dex+6}
 24283 | Gauntlet | Gained mutation: You are frail. (-10% HP) [a cacodemon]
 24321 | Gauntlet | Identified the ring "Mishoal" {*Corrode rElec rPois AC+4
                  | Str+2}
 24500 | Orc:2    | Received a gift from Trog
 24736 | Orc:2    | Found a runed translucent door.
 24739 | Orc:2    | Noticed speculusfracta's ghost (journeyman DENe)
 25045 | Orc:2    | Found Leshref's General Store.
 25046 | Orc:2    | Found Geemeife's Jewellery Shoppe.
 25049 | Orc:2    | Found Pisuawn's Antique Armour Emporium.
 25049 | Orc:2    | Found Luduu's Antique Weapon Emporium.
 25091 | Orc:2    | Bought a potion of heal wounds for 60 gold pieces
 25091 | Orc:2    | Bought a scroll of fear for 48 gold pieces
 25091 | Orc:2    | Bought a potion of curing for 36 gold pieces
 25103 | Orc:2    | Bought a pair of glowing boots for 172 gold pieces
 25236 | Elf:1    | Entered Level 1 of the Elven Halls
 25397 | Abyss:2  | Cast into level 2 of the Abyss (a deep elf demonologist)
 25507 | Abyss:2  | Noticed a lich
 25571 | Abyss:2  | Noticed a bone dragon
 25589 | Abyss:2  | Killed a bone dragon
 25590 | Abyss:2  | Gained mutation: You are completely covered in yellow
                  | scales. (AC +4, rCorr) [demonic ancestry]
 25590 | Abyss:2  | Reached XP level 18. HP: 127/131 MP: 0/18
 25754 | Abyss:2  | Identified the +4 rapier "Jewo Umu" {antimagic, Fly Will+}
                  | (Trog gifted it to you on level 2 of the Abyss)
 25754 | Abyss:2  | Received a gift from Trog
 25796 | Elf:1    | Escaped the Abyss
 25797 | Elf:1    | Noticed a Hell Sentinel
 25863 | Elf:1    | Lost mutation: You are frail. (-10% HP) [potion of
                  | mutation]
 25863 | Elf:1    | Gained mutation: You expend magic power (3 MP) to
                  | strengthen your wands. [potion of mutation]
 26089 | Elf:1    | Noticed Agnes
 26097 | Elf:1    | Killed Agnes
 26374 | Elf:2    | Found Hiosedoa's Distillery.
 26374 | Elf:2    | Found Zoshugie's Magic Scroll Shoppe.
 26396 | Elf:2    | Found Uddis's Antique Armour Shoppe.
 26401 | Elf:2    | Found Wuev's Magic Scroll Emporium.
 26424 | Elf:2    | Bought a potion of curing for 36 gold pieces
 26424 | Elf:2    | Bought a potion of curing for 36 gold pieces
 26655 | Elf:2    | Noticed Kazon's ghost (adept MiBe)
 26659 | Elf:2    | Found a transporter.
 26748 | Elf:2    | Found a transporter.
 26821 | Elf:2    | Reached skill level 15 in Fighting
 26896 | Elf:1    | Found an ancient bone altar of Kikubaaqudgha.
 26990 | Elf:2    | Found a huge runed translucent gate.
 26991 | Elf:2    | Found a huge runed translucent gate.
 26992 | Elf:2    | Found a huge runed translucent gate.
 26992 | Elf:2    | Found a huge runed translucent gate.
 26993 | Elf:2    | Found a huge runed translucent gate.
 27078 | Elf:2    | Received a gift from Trog
 27124 | Elf:2    | Noticed Nikola
 27146 | Elf:2    | Killed Nikola
 27652 | Elf:3    | Entered Level 3 of the Elven Halls
 27680 | Elf:3    | Found Cel Ymun's Antique Armour Boutique.
 27702 | Elf:3    | Bought the +0 mask of the Dragon {Will+ Slay+3 SInv} for
                  | 1235 gold pieces
 27702 | Elf:3    | Found the +0 mask of the Dragon {Will+ Slay+3 SInv}
 27787 | Elf:3    | Found Ecsiwk's Weapon Shop.
 27833 | Elf:3    | Noticed Louise
 27900 | Elf:3    | Killed Louise
 27993 | Elf:3    | Paralysed by an air elemental for 1 turns
 28049 | Elf:3    | Noticed Asterion
 28059 | Elf:3    | Killed Asterion
 28098 | Elf:3    | Paralysed by an air elemental for 1 turns
 28113 | Elf:3    | Reached XP level 19. HP: 130/155 MP: 4/19
 28128 | Elf:3    | Received a gift from Trog
 28447 | Elf:3    | Noticed a Brimstone Fiend
 28448 | Elf:3    | Noticed a Tzitzimitl
 28458 | Elf:3    | Noticed a Brimstone Fiend
 28603 | Elf:3    | Reached skill level 15 in Evocations
 28624 | Elf:3    | Identified the +3 robe of the Original Sin {Will+}
 28665 | Elf:3    | Identified the +0 pair of gloves of Distant Shores {Harm
                  | rN++}
 28803 | Elf:3    | Identified the +8 flail of Qocw {holy, *Slow rElec Str+6
                  | Int+2}
 28819 | Elf:3    | Identified the +3 quarterstaff of the Vase {venom, rC+}
 29246 | Shoals:1 | Entered Level 1 of the Shoals
 29355 | Shoals:1 | You are sucked into a shaft and drop 1 floor!
 29373 | Shoals:2 | Received a gift from Trog
 29520 | Shoals:2 | Identified the +4 chain mail of the Enchanted Forest
                  | {*Corrode Dex+6}
 30415 | Shoals:2 | Reached skill level 5 in Short Blades
 30823 | Shoals:3 | Reached skill level 15 in Dodging
 31555 | Shoals:4 | Entered Level 4 of the Shoals
 31680 | Shoals:4 | Found a runed translucent door.
 31737 | Shoals:4 | Found a shimmering altar of Xom.
 31737 | Shoals:4 | Noticed TheSexyCheese's ghost (adept HOFi)
 31818 | Shoals:4 | Identified the ring of Zuegae {rPois rF+ rC- MP+9}
 32099 | Shoals:4 | Gained mutation: You are completely covered in sharp
                  | spines. [demonic ancestry]
 32099 | Shoals:4 | Reached XP level 20. HP: 166/166 MP: 12/20
 32136 | Shoals:4 | Got a barnacled rune of Zot
 32452 | Shoals:4 | Received a gift from Trog
 32547 | Shoals:4 | Reached skill level 10 in Armour
 32807 | Temple   | Entered the Ecumenical Temple
 32874 | Temple   | Fell from the grace of Trog
 32874 | Temple   | Became a worshipper of Makhleb the Destroyer
 33112 | Elf:2    | Killed Kazon's ghost
 33113 | Elf:2    | Reached skill level 1 in Invocations
 33122 | Elf:2    | Identified the +12 plate armour of Soft Rains {rF+ Dex+2}
 33303 | Vaults:1 | Entered Level 1 of the Vaults
 33838 | Vaults:1 | Reached * piety under Makhleb
 34156 | Vaults:1 | Got Qickeq's Spellbook of Rank Transformation
 34229 | Vaults:1 | Reached ** piety under Makhleb
 34256 | Vaults:1 | Found Quvviufo's Distillery.
 34268 | Vaults:1 | Bought a potion of heal wounds for 60 gold pieces
 34268 | Vaults:1 | Bought a potion of heal wounds for 60 gold pieces
 34889 | Vaults:1 | Paralysed by a great orb of eyes for 4 turns
 34898 | Vaults:1 | Reached *** piety under Makhleb
 34942 | Vaults:1 | HP: 8/166 [deep troll[an ironbound preserver] (4)]
 35131 | Orc:2    | Killed speculusfracta's ghost
 35275 | Vaults:2 | Identified the +6 battleaxe of the Neverending Dances
                  | {vorpal, rN++ Str-4}
 35321 | Vaults:2 | Reached skill level 5 in Invocations
 35487 | Vaults:2 | Found a large runed translucent door.
 35488 | Vaults:2 | Found a large runed translucent door.
 35488 | Vaults:2 | Noticed Forgeling's ghost (adept FeEn)
 35993 | Vaults:2 | Found Afiul's Antique Armour Boutique.
 36031 | Vaults:2 | Reached **** piety under Makhleb
 36049 | Vaults:2 | HP: 7/167 [stone giant[the rage of Trog] (27)]
 36128 | Vaults:2 | You are sucked into a shaft and drop 1 floor!
 36148 | Vaults:3 | Identified the +0 helmet of Saadutol {Will+}
 36168 | Vaults:3 | Found Ithruantu's Weapon Emporium.
 36190 | Vaults:3 | Reached skill level 10 in Shields
 36190 | Vaults:3 | Gained mutation: You have claws for hands. [demonic
                  | ancestry]
 36190 | Vaults:3 | Reached XP level 21. HP: 173/173 MP: 4/25
 36247 | Vaults:3 | Found Miyguykosh's Book Boutique.
 36266 | Vaults:3 | Found a crumbling gateway.
 36308 | Desolati | Entered the Desolation of Salt
 36402 | Desolati | Reached ***** piety under Makhleb
 36450 | Desolati | HP: 7/174 [stone giant[the rage of Trog] (39)]
 36803 | Desolati | Identified the +2 leather armour of Vlad {Contam rElec
                  | Int+2 Slay+5}
 36813 | Desolati | Identified the ring "Xacius" {rPois rC+ Will+ Stlth-}
 36984 | Desolati | Got the Volume of the Hart
 36987 | Desolati | Identified the +3 leather armour of Hionoo {Int+3}
 36989 | Desolati | Got the Papyrus of the Nine Artisans
 37056 | Desolati | Identified the +8 arbalest "Luefib" {freeze, Will+ Stlth+}
 37090 | Desolati | Found the +7 captain's cutlass {speed, disarm}
 37131 | Desolati | Got the Guidebook on Bewitching Conflict
 37140 | Desolati | Got the Teachings on Unified Reformation
 37149 | Desolati | Identified the +8 shadow dragon scales of the Dungeon {Harm
                  | +Inv rElec Will- Stlth++++}
 37152 | Desolati | Got the Textbook on Lethal Black Secrets
 37362 | Vaults:3 | Found Fuedgh's Weapon Shop.
 37490 | Vaults:2 | Found a transporter.
 37490 | Vaults:2 | Found the +3 pair of seven-league boots {Rampage+∞}
 37500 | Vaults:2 | Found a transporter.
 37936 | Vaults:3 | Found Feafaf's Weapon Emporium.
 38107 | Vaults:3 | Reached ****** piety under Makhleb
 38765 | Vaults:3 | Found a staircase to the Crypt.
 39084 | Depths:1 | Entered Level 1 of the Depths
 39197 | Depths:1 | Gained mutation: You regenerate a lot of health from kills.
                  | [demonic ancestry]
 39197 | Depths:1 | Reached XP level 22. HP: 178/182 MP: 29/29
 39233 | Depths:1 | Found a flickering gateway to a bazaar.
 39305 | Bazaar   | Entered a bazaar
 39343 | Bazaar   | Found Reheffocs's Weapon Shop.
 39343 | Bazaar   | Found Daotseq's Book Boutique.
 39378 | Bazaar   | Found Fesotas's Book Boutique.
 39378 | Bazaar   | Found Totziet's Assorted Antiques.
 39397 | Bazaar   | Bought a short gold wand for 80 gold pieces
 39417 | Bazaar   | Bought 3 atropa-tipped darts for 27 gold pieces
 39441 | Depths:1 | Found an iron altar of Okawaru.
 39544 | Depths:1 | Found a gateway to Hell.
 39584 | Depths:1 | Paralysed by a sphinx for 2 turns
 39616 | Depths:1 | HP: 6/182 [stone giant[the rage of Trog] (14)]
 39853 | Depths:1 | Reached skill level 10 in Invocations
 39978 | Depths:1 | Found a one-way gateway to a ziggurat.
 40127 | Depths:2 | Found Xywunomm's Antique Weapon Emporium.
 40912 | Elf:2    | Bought 2 potions of berserk rage for 120 gold pieces
 40915 | Elf:2    | Bought a scroll of enchant armour for 150 gold pieces
 40919 | Elf:2    | Bought a scroll of summoning for 152 gold pieces
 40919 | Elf:2    | Bought a scroll of fear for 64 gold pieces
 41018 | D:13     | Bought a potion of berserk rage for 95 gold pieces
 41516 | Vaults:4 | Found Arahod's General Store.
 41523 | Vaults:4 | Bought 4 datura-tipped darts for 25 gold pieces
 41526 | Vaults:4 | Noticed Frederick
 41549 | Vaults:4 | Killed Frederick
 41571 | Vaults:4 | HP: 9/183 [stone giant[the rage of Trog] (49)]
 41600 | Vaults:4 | Identified the +7 rapier of Dipterij {vorpal, Int+2}
 42010 | Vaults:4 | Noticed Saint Roka
 42023 | Vaults:4 | Killed Saint Roka
 42381 | Vaults:4 | Noticed Xtahua
 42421 | Vaults:4 | Killed Xtahua
 42508 | Vaults:3 | Mangled by an iron troll

Illustrated notes

Levels and vault maps discovered:
D:1:      dpeg_arrival_three_smaller_balls, layout_basic
D:2:      layout_loops_ring
D:3:      layout_basic, serial_shops, nicolae_shop_stone, st_stairs_9,
          minmay_misc_feat_doors, eino_curves_03, uniq_robin
D:4:      minmay_wonky_spiral, layout_basic,
          mainiacjoe_overflow_surrounded_room, minivault_5
D:5:      layout_cave_pods, uniq_menkaure, uniq_eustachio
D:6:      cheibrodos_barr_body, layout_basic, minmay_crystal_room,
          minmay_pentangle, uniq_maggie, uniq_edmund
D:7:      layout_cave_pools, nicolae_uskayaw_murder_on_the_dancefloor,
          elyvilon_altar_4, minmay_temple_entry_purple_smoke
D:8:      layout_basic, serial_shops, shop_statue, kennysheep_little_box, shop,
          nicolae_shop_window_shopping
D:9:      layout_cave_pools, uniq_prince_ribbit1
D:10:     layout_stronghold, erik_lair_island, serial_shops,
          nicolae_shop_statue_plus, uniq_erolcha
D:11:     layout_roguey
D:12:     layout_loops_ring, orc_0_dummy, chequers_serial_rivers_marsh,
          uniq_lodul, uniq_nessos, uniq_rupert
D:13:     layout_gridville, david_vaults_5, serial_shops,
          nicolae_shop_behind_doors, minmay_fractal_squares_gapless_5,
          uniq_azrael
D:14:     layout_roguey, minmay_misc_feat_secret_circle, gammafunk_ghost_split,
          portal_ice_cave_entry_ice_simulacra, uniq_snorg
D:15:     hangedman_depths_entry_try_elsewhere_first, layout_loops_corners,
          uniq_roxanne
Temple:   nicolae_temple_bog_church
Lair:1:   layout_long_grid, fungi_pond_lemuel, cheibrodos_lair_reptile_den
Lair:2:   layout_gridlike, uniq_fannar
Lair:3:   layout_roguey, minmay_shoals_entry_hut,
          nicolae_spider_entry_non_spiders, basic_altar, serial_bayou_crossing
Lair:4:   layout_gridlike, slime_entry_1, serial_rivers,
          chequers_serial_rivers_room_a, chequers_serial_rivers_micro_c,
          chequers_serial_rivers_room_a, chequers_serial_rivers_micro_e,
          minivault_27, grunt_megastairs_3, infiniplex_staircase_pool_2
Lair:5:   evilmike_catoblepas_cave, layout_long_grid
Shoals:1: layout_shoals, nicolae_shoals_lost_giant_pillars
Shoals:2: layout_shoals
Shoals:3: layout_shoals
Shoals:4: shoals_end_simple, layout_shoals, ebering_ghost_xom
Spider:1: layout_chambers, nicolae_spider_undead_wolf_pack
Spider:2: layout_cave_pods
Spider:3: layout_spider_delve
Spider:4: floodkiller_spider_rune_tomb, special_room [special_room_bee],
          uniq_mara
Orc:1:    layout_caves, basic_altar, uniq_urug
Orc:2:    st_orc_congregation, layout_caves, gauntlet_entry_generic,
          hellmonk_ghost_happy_afterlife, uniq_donald
Elf:1:    layout_gridlike, minmay_elf_demonology, lemuel_upstairs_altar,
          uniq_agnes
Elf:2:    elven_hall_of_blades_hangedman_alternative
          [nicolae_blade_entry_diamond_columns], layout_geoelf_diagonals,
          gammafunk_ghost_arena, minmay_shoptagon, uniq_nikola
Elf:3:    elf_hall_gauntlet_narrow, layout_gridlike, serial_shops,
          nicolae_shop_overgrown_old_shop, nicolae_shop_advertising_works
          [nicolae_subvault_shop_adworks], uniq_louise, uniq_asterion
Vaults:1: nicolae_vaults_little_squares_1, v_misc_5, hangedman_vaults_stitches,
          hangedman_vaults_cutoff, grunt_vaults_trifunnel, v_misc_19,
          nicolae_vaults_three_branches, vaults_room_pool,
          vaults_room_door_hall, nicolae_vaults_little_ls,
          nicolae_vaults_rhombus_7, layout_vaults_omnicross, serial_shops, shop
Vaults:2: advil_vaults_ghost_guards, gammafunk_sealed_arena,
          hangedman_vaults_snaps, vaults_room_semicircle,
          hangedman_vaults_slither, v_alt_pattern_4, v_alt_pattern_3,
          hangedman_vaults_cutoff, vaults_mumra_lcd, nicolae_vaults_rhombus_6,
          ontoclasm_vaults_spin, grunt_vaults_focal, layout_vaults_ring,
          serial_shops, shop_statue
Vaults:3: portal_desolation_entry_holy_temple, vaults_room_grunt_arrival_ludios,
          minmay_crypt_entry_simple_walls, nicolae_vaults_little_squares_2,
          vaults_room_ringed_pool, hangedman_vaults_pinch, vaults_dpeg_ring,
          nicolae_vaults_circle_grid_b, nicolae_vaults_sealed_display,
          v_pattern_5, layout_vaults_big_room, serial_shops,
          nicolae_square_shop, nicolae_shop_statue_plus, shop, shop_coins
Vaults:4: nicolae_vaults_disjoint_gnomons, kb_rosetta,
          hangedman_vaults_capsules, nicolae_vaults_ring_of_whatevers,
          serial_ice_b, hangedman_vaults_trim, nicolae_vaults_alarming,
          layout_vaults_omnigrid, serial_shops, shop, uniq_frederick,
          uniq_margery, uniq_saint_roka, uniq_xtahua
Depths:1: layout_basic, enter_ziggurat_b, corexii_leaking_fountain,
          serial_shops, freezing_bzr, pf_coc_iceberg,
          serial_sigils_hangedman_etch, grunt_ministairs_7,
          okawaru_altar_gauntlet_db
Depths:2: evilmike_negative_zone, layout_cave_pools, hell_entry, pan_entry,
          serial_shops, shop_fountains, lightli_minifort

Skill      XL: |  1  2  3  4  5  6  7  8  9 10 11 12 13 14 15 16 17 18 19 20 21 22 |
---------------+-------------------------------------------------------------------+-----
Long Blades    | 3 5 6 7 8 9 10 12 13 14 15 16 17 | 17.8
Dodging        | 2 4 5 6 7 8 9 11 13 14 15 16 17 18 | 18.6
Evocations     | 1 2 4 5 6 7 8 9 10 11 12 13 14 16 17 18 | 18.1
Throwing       | 3 4 5 6 7 8 9 10 11 12 13 | 13.2
Stealth        | 4 5 6 7 8 9 |  9.4
Fighting       | 5 6 7 8 9 10 11 13 14 15 16 17 | 17.7
Short Blades   | 3 4 5 |  5.5
Armour         | 4 5 6 7 8 9 10 11 | 11.4
Shields        | 1 2 3 4 5 6 7 8 10 11 | 11.7
Invocations    | 6 9 10 | 10.9

Action                   |  1- 3 |  4- 6 |  7- 9 | 10-12 | 13-15 | 16-18 | 19-21 | 22-24 || total
-------------------------+-------+-------+-------+-------+-------+-------+-------+-------++-------
Melee: Falchion          |   112 |     1 |   265 |   501 |   134 |   197 |       |       ||  1210
       Dagger            |     6 |    89 |    21 |    55 |    79 |    13 |       |       ||   263
       Punch             |       |     1 |       |       |       |       |       |       ||     1
       Double sword      |       |       |       |   101 |   690 |  1046 |  1324 |   343 ||  3504
       Rapier            |       |       |       |       |       |    42 |   124 |       ||   166
       Cutlass           |       |       |       |       |       |       |       |    75 ||    75
Throw: Stone             |       |    32 |    33 |    57 |       |       |       |       ||   122
       Boomerang         |       |       |    12 |    70 |   100 |   193 |   243 |    85 ||   703
       Dart              |       |       |       |    29 |   155 |   237 |    30 |     7 ||   458
       Throwing net      |       |       |       |       |       |     1 |     1 |       ||     2
       Javelin           |       |       |       |       |       |    17 |     8 |       ||    25
Invok: Berserk           |       |       |     1 |     4 |     3 |    10 |     2 |       ||    20
       Trog's Hand       |       |       |     1 |     2 |     3 |     1 |     3 |       ||    10
       Brothers in Arms  |       |       |       |       |     1 |     8 |     2 |       ||    11
       Lesser Servant of |       |       |       |       |       |       |     7 |     1 ||     8
       Greater Servant o |       |       |       |       |       |       |     1 |     1 ||     2
Evoke: Wand              |       |       |       |     1 |     9 |    48 |    55 |     5 ||   118
       Lightning rod     |       |       |       |       |     2 |     8 |     6 |     3 ||    19
       Condenser vane    |       |       |       |       |     1 |     1 |     2 |       ||     4
       Phantom mirror    |       |       |       |       |       |     2 |     2 |       ||     4
       Phial of floods   |       |       |       |       |       |     2 |       |       ||     2
       Tin of tremorston |       |       |       |       |       |     1 |     7 |     1 ||     9
       Box of beasts     |       |       |       |       |       |       |     3 |     1 ||     4
  Use: Scroll            |     1 |       |     2 |     8 |    15 |     8 |     9 |     3 ||    46
       Potion            |       |     1 |     2 |     2 |     1 |     1 |     6 |     4 ||    17
 Stab: Sleeping          |       |     2 |     8 |    14 |    19 |    20 |    15 |     4 ||    82
       Distracted        |       |       |       |     1 |     1 |    10 |     6 |     1 ||    19
       Paralysed         |       |       |       |       |       |       |    20 |     2 ||    22
Armor: Animal skin       |    38 |    15 |    11 |       |       |       |       |       ||    64
       Leather armour    |       |       |    88 |   185 |     2 |       |       |       ||   275
       Scale mail        |       |       |       |       |   286 |   412 |   125 |       ||   823
       Plate armour      |       |       |       |       |       |       |   490 |   217 ||   707
Dodge: Dodged            |    74 |    36 |   149 |   299 |   369 |   638 |   839 |   317 ||  2721
Block: Buckler           |       |       |    22 |    92 |   271 |   233 |       |       ||   618
       Kite shield       |       |       |       |       |       |   205 |  1125 |   392 ||  1722
       Reflection        |       |       |       |       |       |    18 |    62 |    25 ||   105
